 Dungeon Crawl Stone Soup version 0.20.1-1-g8b1a95d (webtiles) character file.

1041 slep the Chopper (level 8, -2/61 HPs)
             Began as a Demonspawn Fighter on Dec 21, 2017.
             Slain by SammieL's ghost (13 damage)
             ... on level 5 of the Dungeon.
             The game lasted 00:16:10 (3680 turns).

slep the Chopper (Demonspawn Fighter)               Turns: 3680, Time: 00:16:10

Health: -2/61      AC:  8    Str: 17    XL:     8   Next: 4%
Magic:  8/8        EV: 17    Int: 10    God:
Gold:   332        SH:  7    Dex: 19    Spells: 7/7 levels left

rFire    + . .     SeeInvis .   a - +0 war axe
rCold    . . .     Gourm    .   n - +0 buckler
rNeg     . . .     Faith    .   G - +2 leather armour {rF+}
rPois    .         Spirit   .   (no helmet)
rElec    .         Reflect  +   d - +0 cloak
rCorr    .         Harm     .   (no gloves)
MR       .....                  (no boots)
Stlth    +++++.....             F - +2 amulet of reflection
Regen    0.2/turn               (no ring)
MPRegen  0.2/turn               D - ring of stealth

@: agile, very slightly contaminated, fainting, invisible
A: molten scales 1, nightstalker 1, powered by pain 1
a: no special abilities


You were on level 5 of the Dungeon.
You were fainting.

You visited 1 branch of the dungeon, and saw 6 of its levels.

You collected 332 gold pieces.

Inventory:

Hand Weapons
 a - a +0 war axe (weapon)
 v - a +0 blowgun
Missiles
 u - 3 throwing nets (quivered)
 w - 28 poisoned needles
 B - 20 tomahawks
Armour
 b - a +0 scale mail
 d - a +0 cloak (worn)
 n - a +0 buckler (worn)
 r - a +2 scale mail of fire resistance
 G - a +2 leather armour of fire resistance (worn)
 M - a +2 ring mail of cold resistance
Jewellery
 m - an uncursed ring of fire
 p - an uncursed amulet of harm
 D - a ring of stealth (right hand)
 F - a +2 amulet of reflection (around neck)
Wands
 H - a wand of iceblast (8/15)
 I - a wand of paralysis (6/24)
Scrolls
 c - 4 scrolls of teleportation {unknown}
 e - 5 scrolls of identify {unknown}
 g - 2 scrolls of recharging {unknown}
 k - 3 scrolls of enchant armour {unknown}
 l - 2 scrolls of amnesia {unknown}
 y - a scroll of enchant weapon {unknown}
 E - a scroll of fear {unknown}
 K - a scroll of noise {unknown}
 N - a scroll of remove curse {unknown}
Potions
 j - 2 potions of brilliance {unknown}
 o - a potion of degeneration {unknown}
 q - a potion of cancellation {unknown}
 s - 7 potions of curing {unknown}
 x - a potion of haste {unknown}
 z - a potion of berserk rage {unknown}
 A - a potion of ambrosia {unknown}
 C - a potion of flight {unknown}
 J - a potion of resistance {unknown}
Comestibles
 f - 4 bread rations
 i - 6 meat rations
 t - a royal jelly
 L - 2 fruits


   Skills:
 + Level 4.3 Fighting
 + Level 6.1 Axes
 + Level 4.4 Armour
 + Level 2.1 Dodging
 + Level 1.4 Stealth
 + Level 3.8 Shields


You had 7 spell levels left.
You didn't know any spells.

Dungeon Overview and Level Annotations

Branches:
Dungeon (6/15)
 Temple: D:4-7

Altars:
Nemelex Xobeh

Shops:
D:6 :

Annotations:
D:5 SammieL's ghost, novice TrFi


Innate Abilities, Weirdness & Mutations

You are partially covered in molten scales. (AC +2)
You are slightly more attuned to the shadows.
You sometimes gain a little power by taking damage.


Message History

SammieL's ghost is severely damaged.
SammieL's ghost completely misses you.
You hit SammieL's ghost but do no damage.
SammieL's ghost is severely damaged.
You block SammieL's ghost's attack.
You strike the helpless SammieL's ghost from behind!
You hit SammieL's ghost.
SammieL's ghost is severely damaged.
SammieL's ghost closely misses you.
You closely miss SammieL's ghost.
SammieL's ghost is severely damaged.
You are fainting from starvation!
SammieL's ghost hits you!
* * * LOW HITPOINT WARNING * * *
You focus on the pain.
You feel more agile all of a sudden.
You hit SammieL's ghost.
SammieL's ghost is almost destroyed.
SammieL's ghost hits you!
You die...

#.# #.# #.# #
##.#########.#
##...##.......#
#..........##.#
#######....##.##.# ##
..........###.##.# ...
#.####@...###.##.##....
#W##..............
#J######.##.##.##. ...
.....##.##.##. ##.#
J#........... #.#
#..>........ #.#
#...####.##. ...#### s#
... #


You could see a jelly and SammieL's ghost.

Vanquished Creatures
  Sigmund (D:6)
  Eustachio (D:5)
  Edmund (D:6)
  An ice beast (D:6)
  A gnoll sergeant (D:4)
  A scorpion (D:6)
  2 crimson imps
  A bullfrog zombie (D:4)
  A hound (D:6)
  A jelly (D:6)
  Natasha (thrice) (D:4)
  2 worker ants
  4 gnolls (D:4)
  2 adders
  An ooze (D:3)
  2 adder skeletons (D:4)
  4 worms (D:2)
  3 dart slugs
  2 leopard geckos (D:4)
  8 orcs
  5 giant cockroaches
  5 goblins
  10 hobgoblins
  6 kobolds
  3 quokkas
  A ball python skeleton (D:6)
  2 bats (D:3)
  4 frilled lizards
  2 leopard gecko skeletons
  A leopard gecko zombie (D:3)
  14 rats
95 creatures vanquished.

Notes
Turn   | Place    | Note
-------+----------+-------------------------------------------
     0 | D:1      | slep the Demonspawn Fighter began the quest for the Orb.
     0 | D:1      | Reached XP level 1. HP: 18/18 MP: 1/1
   432 | D:1      | Reached skill level 2 in Axes
   515 | D:1      | Gained mutation: You sometimes gain a little power by taking damage. [demonic ancestry]
   515 | D:1      | Reached XP level 2. HP: 22/24 MP: 2/2
   998 | D:2      | Gained mutation: You are partially covered in molten scales. (AC +2) [demonic ancestry]
   998 | D:2      | Reached XP level 3. HP: 13/29 MP: 3/3
  1692 | D:3      | Gained mutation: You are slightly more attuned to the shadows. [demonic ancestry]
  1692 | D:3      | Reached XP level 4. HP: 23/35 MP: 4/4
  1919 | D:3      | Reached skill level 3 in Axes
  2388 | D:4      | Reached XP level 5. HP: 25/41 MP: 5/5
  2390 | D:4      | Noticed Natasha
  2398 | D:4      | Killed Natasha
  2445 | D:4      | Noticed Natasha
  2456 | D:4      | Killed Natasha
  2478 | D:4      | Noticed Natasha
  2494 | D:4      | Killed Natasha
  2501 | D:4      | Reached skill level 4 in Axes
  2519 | D:4      | Reached skill level 1 in Dodging
  2535 | D:4      | Reached XP level 6. HP: 24/47 MP: 6/6
  2891 | D:5      | Entered Level 5 of the Dungeon
  2892 | D:5      | Noticed Eustachio
  2915 | D:5      | Killed Eustachio
  2915 | D:5      | Reached skill level 5 in Axes
  2928 | D:5      | Reached XP level 7. HP: 19/53 MP: 7/7
  3055 | D:6      | Found a sparkling altar of Nemelex Xobeh.
  3082 | D:6      | Found Ucsauzyn's Book Shop.
  3143 | D:6      | Noticed Edmund
  3431 | D:6      | Killed Edmund
  3431 | D:6      | Reached skill level 1 in Stealth
  3514 | D:6      | Noticed Sigmund
  3541 | D:6      | Killed Sigmund
  3541 | D:6      | Reached skill level 6 in Axes
  3541 | D:6      | Reached XP level 8. HP: 39/61 MP: 8/8
  3654 | D:5      | Noticed SammieL's ghost (novice TrFi)
  3680 | D:5      | Slain by SammieL's ghost

Skill      XL: |  1  2  3  4  5  6  7 |
---------------+----------------------+-----
Axes           | 2 3 4 5 6 |  6.1
Armour         | 3 4 |  4.4
Shields        | 3 |  3.8
Dodging        | 1 2 |  2.1
Fighting       | 4 |  4.3
Stealth        | 1 |  1.4

Action                   |  1- 3 |  4- 6 |  7- 9 || total
-------------------------+-------+-------+-------++-------
Melee: War axe           |   114 |   143 |   107 ||   364
  Use: Potion            |       |     1 |     1 ||     2
 Stab: Sleeping          |       |     1 |     4 ||     5
       Invisible         |       |       |     6 ||     6
  Eat: Chunk             |     2 |     5 |       ||     7
Armor: Scale mail        |    56 |   119 |       ||   175
       Leather armour    |       |       |    29 ||    29
       Ring mail         |       |       |     7 ||     7
Dodge: Dodged            |    50 |    87 |    39 ||   176
Block: Buckler           |    18 |    43 |    25 ||    86
